 Dungeon Crawl Stone Soup version bcrawl-1.15.1 (webtiles) character file.

Game seed: 8665628841341616087

115351 Kairok the Unseen (level 16, -2/96 HPs)
             Began as a Twilight Stalker Rogue on Sept 25, 2019.
             Was the Champion of Okawaru.
             Shot with an arrow by a satyr (20 damage)
             ... on level 2 of the Shoals.
             The game lasted 00:50:09 (18897 turns).

Kairok the Unseen (Twilight Stalker Rogue)         Turns: 18897, Time: 00:50:09

Health: -2/96      AC: 14    Str: 29    XL:     16   Next: 33%
Magic:  21/22      EV: 26    Int: 11    God:    Okawaru [******]
Gold:   1582       SH: 19    Dex: 29    Spells: 17/21 levels left

rFire    + . .     SeeInvis .   B - +16 sapphire dagger {flash freeze, rF- rC++ MR+}
rCold    + + .     Gourm    .   K - +2 shield {rF+}
rNeg     + + .     Faith    .   t - +3 leather armour of Levity {+Fly rN+ MR++ Str+4}
rPois    +         Spirit   .   (no helmet)
rElec    +         Reflect  +   q - +1 cloak
rCorr    +         Harm     .   k - +1 pair of gloves of Pudychis {Regen+ rCorr Str+3 Dex-2}
MR       +++++     Rnd*Tele +   J - +2 pair of boots {run}
Stlth    ++++++++++             L - amulet "Hyisam" {Reflect *Drain rF+ rN+ Str+4 SH+2}
HPRegen  1.06/turn              E - +4 ring of strength
MPRegen  0.18/turn              M - ring of the Republic {*Tele rElec MR+ Dex+6}

@: about to teleport, flying, quick
A: fangs 3, agile 1, nightstalker 3, poison resistance, regeneration 1, no
potion heal 3, rot immunity, draining bite, strong jaws, assimilated armour
}: 1/15 runes: gossamer
a: Heroism, Finesse, Renounce Religion, Stop Flying


You were on level 2 of the Shoals.
You worshipped Okawaru.
Okawaru was exalted by your worship.
You were not hungry.

You visited 5 branches of the dungeon, and saw 20 of its levels.
You also visited: Gauntlet.

You collected 1582 gold pieces.

Inventory:

Hand Weapons
 v - a +2 dagger of flaming
 w - a +0 dagger of speed
 B - the +16 sapphire dagger (weapon) {flash freeze, rF- rC++ MR+}
   (You found it on level 2 of the Spider Nest)

   It has been specially enchanted to freeze those struck by it, causing extra
   injury to most foes and up to half again as much damage against particularly
   susceptible opponents.
   It can also slow down cold-blooded creatures.
   It makes you vulnerable to fire.
   It greatly protects you from cold.
   It affects your resistance to hostile enchantments.
 R - a +4 rapier of holy wrath
 S - the +9 broad axe "Pacapyx" {speed, Int+2}
   (Okawaru gifted it to you on level 4 of the Lair of Beasts)

   Attacks with this weapon are significantly faster.
   It affects your intelligence (+2).
 Z - a +4 dagger of electrocution
Missiles
 G - 3 throwing nets (quivered) {!f}
Armour
 k - the +1 pair of gloves of Pudychis (worn) {Regen+ rCorr Str+3 Dex-2}
   (You found it in a Gauntlet)

   It affects your strength (+3).
   It affects your dexterity (-2).
   It increases your rate of regeneration.
   It provides partial protection from all sources of acid and corrosion.
 q - a +1 cloak (worn)
 t - the +3 leather armour of Levity (worn) {+Fly rN+ MR++ Str+4}
   (You found it on level 3 of the Spider Nest)

   It affects your strength (+4).
   It protects you from negative energy.
   It affects your resistance to hostile enchantments.
   It lets you fly.
 A - a +3 troll leather armour
 J - a +2 pair of boots of running (worn)
 K - a +2 shield of fire resistance (worn)
 Q - a +0 chain mail of cold resistance
 V - a +1 large shield of reflection
 W - a +2 chain mail of fire resistance
Jewellery
 E - a +4 ring of strength (left hand)
 F - an uncursed ring of see invisible
 L - the amulet "Hyisam" (around neck) {Reflect *Drain rF+ rN+ Str+4 SH+2}
   (You took it off an orc warrior on level 8 of the Dungeon)

   [amulet of reflection]

   It shields you and reflects attacks.
   It affects your strength (+4).
   It protects you from fire.
   It protects you from negative energy.
   It causes draining when unequipped.
   It affects your SH (+2).
 M - the ring of the Republic (right hand) {*Tele rElec MR+ Dex+6}
   (You found it on level 8 of the Dungeon)

   [ring of teleportation]

   It may teleport you next to monsters.
   It affects your dexterity (+6).
   It insulates you from electricity.
   It affects your resistance to hostile enchantments.
Wands
 f - a wand of flame (27)
 g - a wand of enslavement (8)
 n - a wand of polymorph (22)
 y - a wand of random effects (8)
 C - a wand of digging (14)
 H - a wand of paralysis (6)
 I - a wand of acid (4)
 P - a wand of disintegration (11)
 X - a wand of iceblast (12)
Scrolls
 a - a scroll of enchant weapon
 d - 9 scrolls of remove curse
 j - 8 scrolls of teleportation
 m - 3 scrolls of magic mapping
 o - 2 scrolls of brand weapon
 r - 2 scrolls of fog
 x - a scroll of blinking
 D - 2 scrolls of immolation
 T - 3 scrolls of fear
Potions
 b - a potion of flight
 c - 8 potions of curing
 e - a potion of brilliance
 i - 7 potions of haste
 l - 4 potions of magic
 p - 6 potions of lignification
 s - 2 potions of invisibility
 u - 2 potions of berserk rage
 z - a potion of cancellation
 O - a potion of resistance
 U - 2 potions of might
 Y - 2 potions of agility
Miscellaneous
 N - a phial of floods
Comestibles
 h - 33 rations {!d}


   Skills:
 + Level 9.0 Fighting
 + Level 10.0 Short Blades
 + Level 3.3 Axes
 + Level 0.5 Throwing
 + Level 5.6 Armour
 + Level 13.0 Dodging
 + Level 20.0 Stealth
 + Level 11.5 Shields
 * Level 3.3 Spellcasting
 + Level 1.7 Invocations
 + Level 3.7 Evocations


You had 17 spell levels left.
You knew the following spells:

 Your Spells              Type           Power        Failure   Level  Hunger
a - Apportation           Tloc           #.....       41%         1    #......
b - Regeneration          Chrm/Necr      #.........   78%         3    ###....

Your spell library contained the following spells:

 Spells                   Type           Power        Failure   Level  Hunger
 Infusion                 Chrm           #.......     41%         1    #......
 Sandblast                Erth           #.....       41%         1    #......
 Slow                     Hex            #.......     41%         1    #......
 Summon Butterflies       Summ           #.......     41%         1    #......
 Poisonous Vapours        Pois/Air       #.....       54%         2    ###....
 Song of Slaying          Chrm           #.......     54%         2    ###....
 Beckoning                Tloc           #.........   78%         3    ###....
 Confuse                  Hex            #.......     78%         3    ###....
 Conjure Flame            Conj/Fire      #.......     78%         3    ###....
 Dazzling Spray           Conj/Hex       #.....       78%         3    ###....
 Mephitic Cloud           Conj/Pois/Air  #.......     78%         3    ###....
 Ozocubu's Armour         Chrm/Ice       #.......     78%         3    ###....
 Portal Projectile        Tloc           #.....       78%         3    ###....
 Spectral Weapon          Hex/Chrm       #.......     78%         3    ###....
 Force Lance              Tloc           #.......     99%         4    #####..
 Petrify                  Tmut/Erth      #.......     99%         4    #####..
 Yara's Violent Unravell  Hex/Tmut       #.........   99%         4    #####..
 Metabolic Englaciation   Hex/Ice        #.........   100%        5    ######.
 Piercing Shot            Chrm           #.........   100%        5    ######.
 Silence                  Hex/Air        #.........   100%        5    ######.
 Tree Form                Hex/Tmut       N/A          100%        5    ######.
 Deflect Missiles         Chrm/Air       #.........   100%        6    #######
 Dispersal                Tloc           #.........   100%        6    #######
 Freezing Cloud           Ice/Air        #.........   100%        6    #######
 Infestation              Hex/Tmut/Pois  #........    100%        6    #######
 Statue Form              Tmut/Erth      #........    100%        6    #######
 Steam Barrier            Chrm/Fire      #.........   100%        6    #######
 Dragon Form              Tmut           #......      100%        7    #######
 Mana Rupture             Conj/Hex       #.........   100%        7    #######
 Controlled Blink         Tloc           N/A          100%        8    #######
 Discord                  Hex            #.........   100%        8    #######
 Necromutation            Tmut/Necr      #.......     100%        8    #######


Dungeon Overview and Level Annotations

Branches:
Dungeon (8/12)             Temple (1/1) D:5            Lair (6/6) D:8
 Shoals (2/3) Lair:4       Spider (3/3) Lair:2        Slime (0/5) Lair:5
    Orc: D:8-11

Altars:
Ashenzari
Cheibriados
Dithmenos
Elyvilon
Fedhas
Gozag
Kikubaaqudgha
Lugonu
Makhleb
Nemelex Xobeh
Okawaru
Qazlal
Ru
Sif Muna
Trog
Uskayaw
Vehumet
Wu Jian
Xom
Yredelemnul
Zin
The Shining One
Jiyva

Shops:
D:8 :

Annotations:
Lair:2 3 runed translucent doors, Theblade12's ghost, journeyman DsWn
Lair:5 exclusion: 2 oklob plants
Lair:6 Dawq's ghost, journeyman MiBe


Innate Abilities, Weirdness & Mutations

You have razor-sharp teeth.
You are completely attuned to the shadows.
Your natural rate of healing is unusually fast.
Potions cannot restore your health.
You are immune to rotting.
Your bite drains your enemy's life force.
Your bites deal extra damage.
Your stealth is less affected by armour.
You are agile. (Dex +2)
Your system is resistant to poisons. (rPois)


Message History

The faun is moderately wounded.
The manticore is no longer moving slowly.
The faun shoots a stone.
The stone hits you!
* * * LOW HITPOINT WARNING * * *
You block the faun's attack.
You impale the satyr!! You freeze the satyr.
The satyr is encased in ice.
The satyr is slowed by the cold.
You bite the satyr!
Your bite drains the satyr!
The satyr is heavily wounded.
You block the manticore's attack. x2; The manticore completely misses you.
You block the faun's attack.
As you read the scroll of teleportation, it crumbles to dust.
You feel strangely unstable.
The faun is no longer moving slowly.
The faun shoots a stone.
You reflect the stone off an invisible shield around you!
The stone hits the manticore!!
You block the manticore's attack. The manticore barely misses you.
The manticore claws you but does no damage.
The satyr shoots an arrow.
The arrow hits you!!
You die...

≈≈≈≈≈≈≈≈≈ ≈≈≈≈≈≈≈≈≈≈≈
≈≈≈≈≈≈≈≈≈≈≈≈≈
≈≈≈≈)≈≈..≈≈≈≈≈
≈≈≈cc≈......≈≈≈≈≈≈
≈≈mc@.......≈≈≈≈≈≈
≈..H........≈≈≈≈≈≈≈≈≈
..≈c....#....≈≈≈≈≈≈≈≈
.≈########..)≈)≈≈≈≈≈≈
.. ##...≈≈≈≈≈≈≈
###)..≈≈≈≈≈≈≈
#.....≈......
####.........
##....####


You could see a satyr, 3 fauns, a manticore and a water nymph.

Vanquished Creatures
  Bai Suzhen (Spider:2)
  Jorgrun (Spider:2)
  Kirke (Lair:4)
  The ghost of KristoblXynda the Devastator, an adept FrCj of Vehumet (Spider:3)
  The ghost of petermcneter the Blocker, an adept VSFi of Uskayaw (Shoals:2)
  4 ghost moths
  6 emperor scorpions
  2 entropy weavers (Spider:2)
  2 spark wasps (Spider:3)
  A minotaur (Gauntlet)
  A merfolk impaler (Shoals:2)
  Harold (D:8)
  6 hydras
  A catoblepas (Gauntlet)
  2 tengu warriors
  Urug (Lair:5)
  A fire crab (Gauntlet)
  Pikel (D:7)
  14 orb spiders
  A cyclops (D:8)
  17 wolf spiders
  A faun (Shoals:2)
  2 moths of wrath (Spider:3)
  A water nymph (Shoals:1)
  5 black mambas
  2 merfolk sirens (Shoals:1)
  14 cane toads
  The ghost of Teknotikka the Skirmisher, a novice DsAK of Lugonu (D:7)
  A rime drake (Lair:5)
  A torpor snail (Spider:2)
  A minotaur zombie (Gauntlet)
  12 demonic crawlers
  5 komodo dragons
  4 spectral merfolk (Shoals:2)
  A spectral harpy (Shoals:2)
  2 tengu conjurers (Gauntlet)
  6 polar bears
  4 merfolk
  2 trolls
  26 jumping spiders
  Prince Ribbit (D:7)
  15 hornets
  13 dream sheep
  17 blink frogs
  5 hippogriffs
  A spectral manticore (Shoals:2)
  32 redbacks
  15 spriggans (Lair:6)
  14 tarantellas
  A basilisk (Lair:5)
  3 fire bats (Gauntlet)
  19 yaks
  A steam dragon (Lair:3)
  A sea snake simulacrum (Shoals:2)
  Menkaure (D:5)
  An acid dragon (Lair:4)
  9 water moccasins
  4 porcupines
  A hell hound (Gauntlet)
  A merfolk simulacrum (Shoals:2)
  An ice beast (D:8)
  4 sky beasts
  3 black bears (Lair:6)
  3 orc warriors (D:8)
  A phantom (D:6)
  5 boggarts (Lair:6)
  2 ogres
  2 necrophages
  9 centaurs
  A wind drake simulacrum (Shoals:2)
  16 wolves (Lair:6)
  3 crocodiles (Lair:1)
  3 big kobolds
  9 bullfrogs
  4 scorpions
  12 killer bees (D:8)
  A manticore simulacrum (Shoals:2)
  3 howler monkeys
  3 electric eels
  8 crimson imps
  A quasit (D:8)
  3 bullfrog zombies
  2 bullfrog skeletons
  6 orc priests
  6 hounds
  7 orc wizards
  4 hell rats (Lair:5)
  An iguana (D:8)
  Ijyb (D:4)
  6 worker ants
  A hound zombie (D:8)
  2 hound skeletons (D:5)
  2 worker ant zombies
  3 gnolls (D:5)
  10 adders
  3 shadow imps
  An ooze (D:1)
  4 worms
  4 dart slugs
  5 leopard geckos
  32 orcs
  5 giant cockroaches
  5 goblins
  8 hobgoblins
  8 jackals
  22 kobolds
  2 quokkas (D:2)
  A ball python (D:3)
  7 bats
  4 frilled lizards
  A jackal zombie (D:5)
  3 rats (D:1)
575 creatures vanquished.

Vanquished Creatures (others)
  4 humans (Lair:4)
  2 slaves (D:7)
  An orc wizard (D:6)
  6 fungi
  12 plants
25 creatures vanquished.

Grand Total: 600 creatures vanquished

Notes
Turn   | Place    | Note
-------+----------+-------------------------------------------
     0 | D:1      | Kairok the Vine Stalker Rogue began the quest for the Orb.
     0 | D:1      | Reached XP level 1. HP: 12/12 MP: 3/3
     5 | D:1      | Reached skill level 6 in Stealth
    74 | D:1      | Reached XP level 2. HP: 10/17 MP: 4/4
   407 | D:1      | Reached XP level 3. HP: 21/21 MP: 5/5
   800 | D:2      | Found a sparkling altar of Nemelex Xobeh.
   905 | D:2      | Found a sacrificial altar of Ru.
  1042 | D:2      | Found a shadowy altar of Dithmenos.
  1046 | D:2      | Found a shattered altar of Ashenzari.
  1628 | D:3      | Reached XP level 4. HP: 20/26 MP: 6/6
  1759 | D:3      | Reached skill level 7 in Stealth
  1772 | D:3      | Gained mutation: You are agile. (Dex +2) [potion of
                  | mutation]
  1772 | D:3      | Gained mutation: Your system is resistant to poisons.
                  | (rPois) [potion of mutation]
  2119 | D:4      | Reached skill level 1 in Dodging
  2119 | D:4      | Reached XP level 5. HP: 21/31 MP: 7/7
  2215 | D:4      | Reached skill level 1 in Armour
  2345 | D:4      | Found a stormy altar of Qazlal.
  2360 | D:4      | Noticed a bullfrog
  2360 | D:4      | Noticed a necrophage
  2367 | D:4      | Killed a bullfrog
  2367 | D:4      | Gained mutation: You have razor-sharp teeth. [Vine Stalker
                  | growth]
  2367 | D:4      | Reached XP level 6. HP: 36/36 MP: 8/8
  2401 | D:4      | Killed a necrophage
  2556 | D:4      | Reached skill level 8 in Stealth
  2575 | D:4      | Noticed Ijyb
  2582 | D:4      | Killed Ijyb
  2582 | D:4      | Reached XP level 7. HP: 39/40 MP: 7/9
  2740 | D:4      | Found a corrupted altar of Lugonu.
  2986 | D:5      | Entered Level 5 of the Dungeon
  3158 | D:5      | Found a shattered altar of Ashenzari.
  3182 | D:5      | Noticed Menkaure
  3186 | D:5      | Found a staircase to the Ecumenical Temple.
  3193 | D:5      | Killed Menkaure
  3202 | Temple   | Entered the Ecumenical Temple
  3226 | Temple   | Became a worshipper of Warmaster Okawaru
  3520 | D:5      | Found a glowing silver altar of Zin.
  3520 | D:5      | Found a blossoming altar of Fedhas.
  3530 | D:5      | Gained mutation: Your bite drains your enemy's life force.
                  | [Twilight Stalker growth]
  3530 | D:5      | Gained mutation: Your stealth is less affected by armour.
                  | [Twilight Stalker growth]
  3530 | D:5      | Gained mutation: You are slightly more attuned to the
                  | shadows. [Twilight Stalker growth]
  3530 | D:5      | Reached XP level 8. HP: 37/46 MP: 7/10
  3544 | D:5      | Found an opulent altar of Gozag.
  3665 | D:5      | Found a hide-covered altar of Uskayaw.
  3910 | D:6      | Noticed a hippogriff
  3990 | D:6      | Killed a hippogriff
  3990 | D:6      | Reached * piety under Okawaru
  3990 | D:6      | Reached skill level 5 in Short Blades
  4211 | D:6      | Reached skill level 9 in Stealth
  4477 | D:6      | Reached ** piety under Okawaru
  4496 | D:6      | Reached XP level 9. HP: 41/52 MP: 8/11
  4532 | D:6      | Noticed a troll
  4534 | D:6      | Found an ancient bone altar of Kikubaaqudgha.
  4553 | D:6      | Killed a troll
  4553 | D:6      | Reached skill level 5 in Dodging
  5136 | D:6      | Found a shimmering blue altar of Sif Muna.
  5253 | D:7      | Noticed Prince Ribbit
  5258 | D:7      | Killed Prince Ribbit
  5258 | D:7      | Reached *** piety under Okawaru
  5539 | D:7      | Noticed a troll
  5541 | D:7      | Noticed Pikel
  5571 | D:7      | Killed Pikel
  5571 | D:7      | Reached skill level 10 in Stealth
  5580 | D:7      | Reached XP level 10. HP: 55/58 MP: 11/13
  5589 | D:7      | Reached skill level 5 in Fighting
  5747 | D:7      | Reached **** piety under Okawaru
  5876 | D:7      | Found a blossoming altar of Fedhas.
  5897 | D:7      | Found a runed translucent door.
  5898 | D:7      | Noticed Teknotikka's ghost (novice DsAK)
  5899 | D:7      | Noticed a six-headed hydra
  5941 | D:7      | Killed a six-headed hydra
  5955 | D:7      | Killed Teknotikka's ghost
  6433 | D:8      | Reached skill level 11 in Stealth
  6452 | D:8      | Reached ***** piety under Okawaru
  6880 | D:8      | Reached XP level 11. HP: 44/64 MP: 7/14
  7063 | D:8      | Noticed Harold
  7066 | D:8      | Killed Harold
  7076 | D:8      | Received a gift from Okawaru
  7106 | D:8      | Noticed a cyclops
  7106 | D:8      | Identified the amulet "Hyisam" {Reflect *Drain rF+ rN+
                  | Str+4 SH+2}
  7108 | D:8      | Noticed a tengu warrior
  7116 | D:8      | Killed a cyclops
  7116 | D:8      | Reached skill level 12 in Stealth
  7402 | D:8      | Found Qekyum's Book Shoppe.
  7487 | D:8      | Killed a tengu warrior
  7487 | D:8      | Reached skill level 1 in Shields
  7568 | D:8      | Got a transparent brass ring
  7571 | D:8      | Identified the ring of the Republic {*Tele rElec MR+ Dex+6}
                  | (You found it on level 8 of the Dungeon)
  7822 | D:8      | Found a staircase to the Lair.
  7832 | Lair:1   | Entered Level 1 of the Lair of Beasts
  8096 | Lair:1   | Reached skill level 13 in Stealth
  8928 | Lair:2   | Noticed a four-headed hydra
  8931 | Lair:2   | Noticed an orb spider
  8943 | Lair:2   | Killed a four-headed hydra
  9115 | Lair:2   | Found a runed translucent gate.
  9116 | Lair:2   | Found a runed translucent gate.
  9117 | Lair:2   | Found a runed translucent gate.
  9146 | Lair:2   | Noticed a spectral death yak
  9148 | Lair:2   | Noticed Theblade12's ghost (journeyman DsWn)
  9256 | Lair:2   | Found a hole to the Spider Nest.
  9275 | Lair:2   | Killed an orb spider
  9275 | Lair:2   | Gained mutation: You are significantly more attuned to the
                  | shadows. [Twilight Stalker growth]
  9275 | Lair:2   | Reached XP level 12. HP: 71/71 MP: 15/15
  9304 | Spider:1 | Entered Level 1 of the Spider Nest
  9402 | Lair:3   | Found a gate leading to a gauntlet.
  9412 | Gauntlet | Entered a Gauntlet
  9412 | Gauntlet | Found a transporter.
  9430 | Gauntlet | Found a transporter.
  9438 | Gauntlet | Found a transporter.
  9443 | Gauntlet | Found a transporter.
  9465 | Gauntlet | Found a transporter.
  9477 | Gauntlet | Found a transporter.
  9485 | Gauntlet | Noticed a death yak
  9497 | Gauntlet | Found a transporter.
  9506 | Gauntlet | Found a transporter.
  9518 | Gauntlet | Found the amulet of the Four Winds {rN+ MR+++ Clar}
  9528 | Gauntlet | Found a transporter.
  9539 | Gauntlet | Found a transporter.
  9539 | Gauntlet | Noticed a green death
  9559 | Gauntlet | Found a transporter.
  9568 | Gauntlet | Found a transporter.
  9568 | Gauntlet | Noticed a great orb of eyes
  9599 | Gauntlet | Found a transporter.
  9621 | Gauntlet | Found a transporter.
  9633 | Gauntlet | Found a transporter.
  9635 | Gauntlet | Found a transporter.
  9641 | Gauntlet | Noticed a catoblepas
  9664 | Gauntlet | Found a transporter.
  9692 | Gauntlet | Found a transporter.
  9951 | Gauntlet | Noticed a tengu warrior
  9961 | Gauntlet | Received a gift from Okawaru
  9961 | Gauntlet | Reached skill level 14 in Stealth
  9963 | Gauntlet | Killed a tengu warrior
  9967 | Gauntlet | Got a slimy robe {god gift}
 10007 | Gauntlet | Learned a level 1 spell: Apportation
 10012 | Gauntlet | Killed a catoblepas
 10062 | Gauntlet | Identified the +0 robe of Evolution {MR+ Int-2 Dex+5}
                  | (Okawaru gifted it to you in a Gauntlet)
 10109 | Gauntlet | Reached skill level 1 in Invocations
 10134 | Gauntlet | Got a pair of distressingly furry gloves
 10145 | Gauntlet | Identified the +1 pair of gloves of Pudychis {Regen+ rCorr
                  | Str+3 Dex-2} (You found it in a Gauntlet)
 10190 | Gauntlet | Noticed a minotaur
 10196 | Gauntlet | Killed a minotaur
 10346 | Lair:3   | Reached ****** piety under Okawaru
 10422 | Lair:3   | Reached skill level 5 in Shields
 10525 | Lair:3   | Reached skill level 15 in Stealth
 10617 | Lair:3   | Noticed a six-headed hydra
 10621 | Lair:3   | Killed a six-headed hydra
 10780 | Lair:3   | Received a gift from Okawaru
 10948 | Lair:3   | Noticed an eight-headed hydra
 10956 | Lair:3   | Killed an eight-headed hydra
 10956 | Lair:3   | Reached skill level 10 in Dodging
 11163 | Lair:4   | Noticed an eight-headed hydra
 11177 | Lair:4   | Killed an eight-headed hydra
 11177 | Lair:4   | Reached XP level 13. HP: 27/76 MP: 13/16
 11241 | Lair:4   | Found a staircase to the Shoals.
 11334 | Lair:4   | Reached skill level 16 in Stealth
 11404 | Lair:4   | Noticed Kirke
 11409 | Lair:4   | Killed Kirke
 11420 | Lair:4   | Received a gift from Okawaru
 11424 | Lair:4   | Got a brightly glowing broad axe {god gift}
 11426 | Lair:4   | Identified the +9 broad axe "Pacapyx" {speed, Int+2}
                  | (Okawaru gifted it to you on level 4 of the Lair of Beasts)
 11586 | Lair:4   | Reached skill level 1 in Axes
 11986 | Shoals:1 | Entered Level 1 of the Shoals
 12065 | Lair:5   | Noticed Urug
 12068 | Lair:5   | Found a staircase to the Slime Pits.
 12068 | Lair:5   | Found a viscous altar of Jiyva.
 12074 | Lair:5   | Killed Urug
 12977 | Lair:6   | Entered Level 6 of the Lair of Beasts
 12999 | Lair:6   | Reached skill level 17 in Stealth
 13083 | Lair:6   | Received a gift from Okawaru
 13460 | Lair:6   | Reached XP level 14. HP: 82/83 MP: 17/17
 13735 | Lair:6   | Received a gift from Okawaru
 13749 | Lair:6   | Reached skill level 10 in Short Blades
 14045 | Lair:6   | Found a runed translucent door.
 14050 | Lair:6   | Identified the +6 trident "Xoorghej" {pierce, *Corrode
                  | +Rage rPois Dex-3}
 14258 | Lair:6   | Noticed Dawq's ghost (journeyman MiBe)
 14684 | Spider:1 | Reached skill level 18 in Stealth
 14688 | Spider:1 | Received a gift from Okawaru
 15359 | Spider:1 | Noticed an emperor scorpion
 15364 | Spider:1 | Killed an emperor scorpion
 15685 | Spider:2 | Noticed a ghost moth
 15689 | Spider:2 | Killed a ghost moth
 15689 | Spider:2 | Reached skill level 5 in Armour
 15738 | Spider:2 | Noticed a ghost moth
 15773 | Spider:2 | Killed a ghost moth
 15844 | Spider:2 | Noticed Jorgrun
 15848 | Spider:2 | Killed Jorgrun
 15848 | Spider:2 | Received a gift from Okawaru
 15848 | Spider:2 | Reached skill level 19 in Stealth
 15873 | Spider:2 | HP: 4/84 [jumping spider (9)]
 15967 | Spider:2 | Noticed an emperor scorpion
 15973 | Spider:2 | Killed an emperor scorpion
 15973 | Spider:2 | Reached XP level 15. HP: 88/88 MP: 18/18
 16009 | Spider:2 | Noticed Bai Suzhen
 16417 | Spider:2 | Killed Bai Suzhen
 16602 | Spider:2 | Found the +16 sapphire dagger {flash freeze, rF- rC++ MR+}
 16803 | Spider:3 | Entered Level 3 of the Spider Nest
 16807 | Spider:3 | Got a bloodstained leather armour
 16818 | Spider:3 | Identified the +3 leather armour of Levity {+Fly rN+ MR++
                  | Str+4} (You found it on level 3 of the Spider Nest)
 16826 | Spider:3 | Got a shimmering robe
 16972 | Spider:3 | Reached skill level 10 in Shields
 17015 | Spider:3 | Noticed an emperor scorpion
 17015 | Spider:3 | Noticed an emperor scorpion
 17018 | Spider:3 | Received a gift from Okawaru
 17031 | Spider:3 | Noticed an emperor scorpion
 17206 | Spider:3 | Killed an emperor scorpion
 17463 | Spider:3 | Received a gift from Okawaru
 17473 | Spider:3 | Identified a +2 pair of boots of running (Okawaru gifted it
                  | to you on level 3 of the Spider Nest)
 17594 | Spider:3 | Identified the cursed +0 robe "Todomn" {Int+4} (You found
                  | it on level 3 of the Spider Nest)
 17617 | Spider:3 | Learned a level 3 spell: Regeneration
 17832 | Spider:3 | Killed an emperor scorpion
 17832 | Spider:3 | Reached skill level 1 in Spellcasting
 17853 | Spider:3 | Killed an emperor scorpion
 17912 | Spider:3 | Noticed a ghost moth
 17912 | Spider:3 | Noticed an emperor scorpion
 17915 | Spider:3 | Killed an emperor scorpion
 17915 | Spider:3 | Gained mutation: You are completely attuned to the shadows.
                  | [Twilight Stalker growth]
 17915 | Spider:3 | Reached XP level 16. HP: 94/94 MP: 19/19
 18081 | Spider:3 | Got a gossamer rune of Zot
 18183 | Spider:3 | Found a large runed translucent door.
 18183 | Spider:3 | Found a large runed translucent door.
 18191 | Spider:3 | Noticed KristoblXynda's ghost (adept FrCj)
 18196 | Spider:3 | Killed KristoblXynda's ghost
 18607 | Shoals:1 | Found a bloodstained altar of Trog.
 18724 | Shoals:2 | Found a runed translucent gate.
 18725 | Shoals:2 | Found a runed translucent gate.
 18726 | Shoals:2 | Found a runed translucent gate.
 18753 | Shoals:2 | Noticed petermcneter's ghost (adept VSFi)
 18785 | Shoals:2 | Killed petermcneter's ghost
 18832 | Shoals:2 | Reached skill level 20 in Stealth
 18897 | Shoals:2 | Shot with an arrow by a satyr

Skill      XL: |  1  2  3  4  5  6  7  8  9 10 11 12 13 14 15 16 |
---------------+-------------------------------------------------+-----
Stealth        | 6 7 8 9 10 11 13 15 17 19 20 | 20.0
Evocations     | 2 3 |  3.7
Fighting       | 2 3 4 5 6 7 8 9 |  9.0
Short Blades   | 2 3 4 5 6 8 9 10 | 10.0
Dodging        | 1 2 3 4 6 8 9 10 11 12 13 | 13.0
Armour         | 1 2 3 4 5 |  5.6
Shields        | 3 5 7 9 11 | 11.5
Invocations    | 1 |  1.7
Axes           | 3 |  3.3
Spellcasting   | 1 3 |  3.3
Throwing       | |  0.5

Action                   |  1- 3 |  4- 6 |  7- 9 | 10-12 | 13-15 | 16-18 || total
-------------------------+-------+-------+-------+-------+-------+-------++-------
Melee: Dagger            |   125 |   123 |   476 |   776 |   989 |   104 ||  2593
       Bite              |     9 |    19 |   149 |   347 |   577 |    54 ||  1155
       Punch             |       |       |       |     2 |       |       ||     2
       Broad axe         |       |       |       |       |    45 |       ||    45
       Rapier            |       |       |       |       |     2 |       ||     2
Throw: Throwing net      |       |       |       |     1 |       |       ||     1
Invok: Heroism           |       |       |       |     7 |     7 |     3 ||    17
 Abil: Evoke Flight      |       |       |       |       |       |     5 ||     5
       Stop Flying       |       |       |       |       |       |     1 ||     1
Evoke: Wand              |       |     8 |     6 |     7 |     6 |       ||    27
       Phial of floods   |       |       |       |     1 |       |       ||     1
  Use: Scroll            |     2 |     8 |     7 |     9 |    21 |     1 ||    48
       Potion            |       |     1 |       |     1 |     3 |       ||     5
 Stab: Sleeping          |     7 |     6 |    12 |    42 |    54 |    11 ||   132
       Distracted        |     1 |     2 |       |     7 |    15 |     1 ||    26
       Fleeing           |       |     1 |       |       |       |       ||     1
  Eat: Chunk             |     1 |     4 |    10 |    15 |    11 |     1 ||    42
       Ration            |       |       |       |     1 |     4 |       ||     5
Armor: Robe              |     4 |       |       |       |       |       ||     4
       Ring mail         |    15 |     2 |       |       |       |       ||    17
       Leather armour    |       |    43 |   135 |    13 |    42 |     4 ||   237
       Troll leather arm |       |       |       |    74 |    62 |       ||   136
Dodge: Dodged            |    56 |    71 |   329 |   320 |   485 |    45 ||  1306
Block: Shield            |       |       |       |   195 |   687 |    86 ||   968
       Other             |       |       |       |     9 |       |       ||     9
       Reflection        |       |       |       |     2 |     3 |     7 ||    12
